 Dungeon Crawl Stone Soup version 0.22.1-1-ga44c0e5 (webtiles) character file.

60 Monsterracer the Ruffian (level 3, -4/31 HPs)
             Began as a Troll Wizard on Sept 27, 2018.
             Killed by divine providence
             ... invoked by an orc priest
              (12 damage)
             ... on level 3 of the Dungeon.
             The game lasted 00:01:27 (1379 turns).

Monsterracer the Ruffian (Troll Wizard)             Turns: 1379, Time: 00:01:28

Health: -4/31      AC:  5    Str: 15    XL:     3   Next: 82%
Magic:  5/5        EV: 14    Int: 15    God:
Gold:   77         SH:  0    Dex:  8    Spells: 5/6 levels left

rFire    . . .     SeeInvis .     - Unarmed
rCold    . . .     Gourm    +   (no shield)
rNeg     . . .     Faith    .   a - +0 robe
rPois    .         Spirit   .   b - +0 hat
rElec    .         Reflect  .   (no cloak)
rCorr    .         Harm     .   (gloves unavailable)
MR       .....                  (boots unavailable)
Stlth    +.........             (no amulet)
HPRegen  0.50/turn              g - +5 ring of evasion
MPRegen  0.09/turn              (no ring)

@: no status effects
A: large, unfitting armour, claws 3, fast metabolism 3, gourmand, regeneration
1, shaggy fur 1, tough skin 2
a: no special abilities


You were on level 3 of the Dungeon.
You were completely stuffed.

You visited 1 branch of the dungeon, and saw 3 of its levels.

You collected 77 gold pieces.

Inventory:

Armour
 a - a +0 robe (worn)
 b - a +0 hat (worn)
 i - a +0 shield
Jewellery
 g - a +5 ring of evasion (left claw)
Scrolls
 d - a scroll of remove curse {unknown}
 e - 3 scrolls of teleportation {unknown}
 h - a scroll of fear {unknown}
 j - 2 scrolls of enchant armour {unknown}
 m - 2 scrolls of identify {unknown}
 n - a scroll of blinking {unknown}
 o - 3 scrolls of amnesia {unknown}
 q - a scroll of magic mapping {unknown}
Potions
 f - a potion of flight {unknown}
 k - a potion of mutation {unknown}
 l - 2 potions of resistance {unknown}
 p - 2 potions of heal wounds {unknown}
Comestibles
 c - 7 rations
 r - 3 chunks of flesh


   Skills:
 - Level 1.5 Dodging
 - Level 1.0 Stealth
 + Level 3.5 Unarmed Combat
 - Level 2.0 Spellcasting
 - Level 0.6 Conjurations
   Level 0.6 Summonings
   Level 0.6 Translocations


You had 5 spell levels left.
You knew the following spells:

 Your Spells              Type           Power        Failure   Level  Hunger
a - Magic Dart            Conj           #...         17%         1    #......

Your spell library contained the following spells:

 Spells                   Type           Power        Failure   Level  Hunger
 Blink                    Tloc           N/A          26%         2    ###....
 Call Imp                 Summ           #.......     26%         2    ###....
 Slow                     Hex            #.......     32%         2    ###....
 Conjure Flame            Conj/Fire      #.......     52%         3    ###....
 Mephitic Cloud           Conj/Pois/Air  #.......     52%         3    ###....


Dungeon Overview and Level Annotations

Branches:
Dungeon (3/15)

Altars:
Ashenzari
Okawaru
The Shining One


Innate Abilities, Weirdness & Mutations

You are too large for most types of armour.
You have claws for hands.
Your metabolism is lightning-fast.
You like to eat raw meat.
Your natural rate of healing is unusually fast.
You are covered in fur. (AC +1)
You have very tough skin. (AC +2)


Message History

You scratch the adder.
The adder is heavily wounded.
You feel sick. The adder misses you.
You take 1 damage, and have 24/31 hp.
An adder is nearby!
You scratch the adder.
The adder is almost dead.
The adder barely misses you. x2
You barely miss the adder.
The adder is almost dead.
You feel sick. The adder bites you.
You are more poisoned.
The adder poisons you!
You take 4 damage, and have 21/31 hp.
You miss the adder.
The adder is almost dead.
You feel sick. The adder completely misses you.
You miss the adder.
The adder is almost dead.
You feel sick. The adder closely misses you.
You take 1 damage, and have 20/31 hp.
You barely miss the adder.
The adder is almost dead.
You feel sick. The adder bites you. x2
* * * LOW HITPOINT WARNING * * *
You take 6 damage, and have 14/31 hp.
You claw the adder!
You kill the adder!
You feel sick.
You see here an adder corpse.
You feel sick.
You take 1 damage, and have 13/31 hp.
You see here a frilled lizard corpse.
You butcher the frilled lizard corpse.
You feel sick.
r - a chunk of flesh You feel sick.
You take 1 damage, and have 13/31 hp.
You see here an adder corpse.
You butcher the adder corpse.
You feel sick.
r - 2 chunks of flesh (gained 1) Eating one of 2 chunks of flesh.
You eat one of the 2 chunks of flesh.
This raw flesh tastes great.
Eating a chunk of flesh.
You eat the chunk of flesh.
This raw flesh tastes great.
You feel sick.
You feel sick.
You feel sick.
You feel sick.
You feel sick.
You are no longer poisoned.
Found 14 stones.
Health restored: 31 You see here 14 stones.
There is a stone staircase leading up here.
A hobgoblin comes into view. It is wielding a club.
Found a stone staircase leading down.
A hobgoblin is nearby!
You claw the hobgoblin!
You kill the hobgoblin!
Things that are here:
a club; a hobgoblin corpse No target in view!
No target in view!
No target in view!
You butcher the hobgoblin corpse.
r - 4 chunks of flesh You see here a club. x2
Eating one of 4 chunks of flesh.
You eat one of the 4 chunks of flesh.
This raw flesh tastes great.
Done exploring.
No target in view!
Done exploring.
Done exploring.
There is a stone staircase leading down here.
You climb downwards. 4 orcs and an orc priest come into view.
An orc is wielding a hand axe of electrocution.
The orc shouts! x2; The orc priest shouts!
The orc shouts!
You hear a shout!
You hear an angry hiss.
There is a stone staircase leading up here.
There are monsters nearby!
There are monsters nearby!
You closely miss the orc. The orc closely misses you.
A hobgoblin comes into view. It is wielding a club.
The orc completely misses you.
You closely miss the orc.
A frilled lizard comes into view.
You closely miss the orc.
The orc hits you from afar with a trident.
The orc hits you but does no damage.
The orc priest invokes the aid of Beogh against you.
Beogh smites you!
* * * LOW HITPOINT WARNING * * *
You take 17 damage, and have 14/31 hp.
MASSIVE DAMAGE!!
The orc hits you with a club.
* * * LOW HITPOINT WARNING * * *
The orc completely misses you.
The orc jeers noisily, as Orcs often do.
The orc priest mumbles some strange prayers to Beogh against you.
Beogh smites you!
You die... ### #.# oo.

#o#
#o#
#o#
#@#
#l#
#.#
...
...
...##
...#
....#


You could see an orc priest, 4 orcs and a frilled lizard.

Vanquished Creatures
  2 adders (D:2)
  3 leopard geckos
  3 giant cockroaches (D:1)
  5 hobgoblins
  3 jackals (D:2)
  A quokka (D:2)
  A ball python (D:1)
  10 bats
  4 frilled lizards
  3 goblins
  A kobold (D:1)
  4 rats
40 creatures vanquished.

Notes
Turn   | Place    | Note
-------+----------+-------------------------------------------
     0 | D:1      | Monsterracer the Troll Wizard began the quest for the Orb.
     0 | D:1      | Reached XP level 1. HP: 16/16 MP: 2/2
    50 | D:1      | Reached skill level 1 in Unarmed Combat
   178 | D:1      | Reached XP level 2. HP: 24/24 MP: 4/4
   316 | D:1      | Reached skill level 2 in Unarmed Combat
   391 | D:1      | Found a shattered altar of Ashenzari.
   741 | D:2      | Found a glowing golden altar of the Shining One.
   745 | D:2      | Reached XP level 3. HP: 31/31 MP: 5/5
   748 | D:2      | Reached skill level 3 in Unarmed Combat
   785 | D:2      | Found an iron altar of Okawaru.
  1194 | D:2      | HP: 14/31 [adder (2)]
  1199 | D:2      | HP: 13/31 [poisoned by an adder]
  1206 | D:2      | HP: 14/31 [poisoned by an adder]
  1213 | D:2      | HP: 15/31 [poisoned by an adder]
  1378 | D:3      | HP: 14/31 [orc priest/divine providence (12)]
  1379 | D:3      | Killed from afar by an orc priest

Skill      XL: |  1  2  3 |
---------------+----------+-----
Unarmed Combat | 1 2 3 |  3.5
Dodging        | |  1.5
Stealth        | |  1.0
Spellcasting   | |  2.0
Conjurations   | |  0.6
Summonings     | |  0.6
Translocations | |  0.6

Action                   || total
-------------------------++-------
Melee: Unarmed           ||   147
 Stab: Sleeping          ||     1
  Eat: Chunk             ||    18
Armor: Robe              ||    71
Dodge: Dodged            ||   117

Vault maps used:
D:1:      ncdulo_lavacross, evilmike_ruin_ashenzari
D:2:      lemuel_round_altar, nicolae_overflow_crystal_walls, first_ration
D:3:      item_on_display_a
